 Dungeon Crawl Stone Soup version 0.24.0-125-gc4c63601f3 (console) character file.

Game seed: 8698780153796648951, levelgen mode: deterministic

19919 Kagalorn the Tainter (level 12, -23/82 (86) HPs)
             Began as an Octopode Venom Mage on Mar 11, 2020.
             Was a High Priest of Vehumet.
             Hit by a large rock thrown by a cyclops (33 damage)
             ... on level 12 of the Dungeon on Mar 12, 2020.
             The game lasted 01:02:26 (18449 turns).

Kagalorn the Tainter (Octopode Venom Mage)         Turns: 18449, Time: 01:02:27

HP:   -23/82 (86)   AC:  1    Str:  7    XL:     12   Next: 74%
MP:   0/31          EV: 18    Int: 22    God:    Vehumet [*****.]
Gold: 449           SH:  0    Dex: 13    Spells: 16/25 levels left

rFire    . . .     SeeInvis .   a - +3 rapier (freeze)
rCold    + . .     Gourm    .   (no shield)
rNeg     . . .     Faith    .   (helmet restricted)
rPois    .         Spirit   +   H - amulet of guardian spirit
rElec    .         Reflect  .   h - ring of protection from cold
rCorr    .         Harm     .   q - ring of magical power
MR       +....                  G - ring of protection from magic
Stlth    +++++.....             (no ring)
HPRegen  0.23/turn              (no ring)
MPRegen  0.22/turn              (no ring)
                                (no ring)
                                (no ring)

@: lethally poisoned (-23 -> -49)
A: almost no armour, stealthy swim, amphibious, 8 rings, constrict 8, camouflage
1, gelatinous body 1
a: Renounce Religion


You were on level 12 of the Dungeon.
You worshipped Vehumet.
Vehumet was extremely pleased with you.
You were not hungry.

You visited 3 branches of the dungeon, and saw 14 of its levels.

You collected 651 gold pieces.
You spent 202 gold pieces at shops.

Inventory:

Hand Weapons
 a - a +3 rapier of freezing (weapon)
 u - a +3 dagger of draining
 Q - the +9 lajatang "Kuonion" {slice, rN+++ MP-9 Dex+3}
   (You took it off a big kobold on level 12 of the Dungeon)

   It inflicts extra damage upon your enemies.
   It affects your dexterity (+3).
   It renders you almost immune to negative energy.
   It affects your magic capacity (-9).
Missiles
 c - 5 silver javelins (quivered)
 e - 294 stones
 l - 27 poisoned darts
 n - 7 atropa-tipped darts
 y - 3 throwing nets
Armour
 i - a +1 shield
 z - a +2 large shield
Magical Staves
 P - an uncursed staff of death {unknown}
Jewellery
 h - a ring of protection from cold (left tentacle)
 q - a ring of magical power (right tentacle)
 G - a ring of protection from magic (on tentacle)
 H - an amulet of guardian spirit (around mantle)
Wands
 g - a wand of iceblast (10)
 o - a wand of acid (5)
 w - a wand of flame (11)
 D - a wand of paralysis (8)
 E - a wand of digging (5)
Scrolls
 d - 6 scrolls of enchant weapon
 f - a scroll of teleportation
 k - 2 scrolls of fear
 v - a scroll of silence {unknown}
 B - 6 scrolls of identify
 C - 4 scrolls of remove curse
 I - a scroll of enchant armour
 K - 3 scrolls of blinking {unknown}
 L - a scroll of brand weapon {unknown}
 M - 2 scrolls of amnesia {unknown}
 O - a scroll of vulnerability {unknown}
Potions
 j - 5 potions of brilliance
 m - 4 potions of heal wounds
 p - a potion of berserk rage
 r - a potion of resistance
 s - a potion of agility
 t - 4 potions of curing
 x - 2 potions of cancellation
 A - a potion of haste
 F - a potion of might {unknown}
 J - a potion of flight {unknown}
Miscellaneous
 N - a sack of spiders
Comestibles
 b - 13 rations


   Skills:
 * Level 9.5 Fighting
 * Level 9.2 Dodging
 - Level 10.0 Stealth
 * Level 7.5 Shields
 + Level 7.1 Spellcasting
 - Level 3.0 Conjurations
 - Level 3.0 Translocations
 - Level 3.0 Fire Magic
 - Level 11.0 Poison Magic


You had 16 spell levels left.
You knew the following spells:

 Your Spells              Type           Power        Failure   Level  Hunger
a - Shock                 Conj/Air       ##..         1%          1    None
b - Poisonous Vapours     Pois/Air       ####..       1%          2    None
c - Conjure Flame         Conj/Fire      ###.....     1%          3    None
g - Blink                 Tloc           N/A          3%          2    None
p - Sting                 Conj/Pois      ####         1%          1    None

Your spell library contained the following spells:

 Spells                   Type           Power        Failure   Level  Hunger
 Bolt of Fire             Conj/Fire      ###.......   63%         6    ######.
 Magic Dart               Conj           ###.         1%          1    None
 Searing Ray              Conj           ###...       1%          2    None
 Mephitic Cloud           Conj/Pois/Air  ####....     1%          3    None
 Olgreb's Toxic Radiance  Pois           ######..     1%          4    ###....
 Dazzling Spray           Conj/Hex       ##....       3%          3    None
 Venom Bolt               Conj/Pois      #####.....   3%          5    #####..
 Iskenderun's Mystic Bla  Conj           ###.....     6%          4    ###....
 Force Lance              Conj/Tloc      ###.....     7%          4    ###....
 Animate Skeleton         Necr           N/A          9%          1    None
 Pain                     Necr           #...         9%          1    None
 Call Imp                 Summ           #.......     12%         2    None
 Slow                     Hex            #.......     12%         2    None
 Fulminant Prism          Conj/Hex       ##........   12%         4    ###....
 Regeneration             Chrm/Necr      #.........   24%         3    None
 Vampiric Draining        Necr           #.........   24%         3    None
 Animate Dead             Necr           N/A          63%         4    ###....
 Freezing Cloud           Conj/Ice/Air   ##........   87%         6    ######.
 Ring of Flames           Chrm/Fire      ##........   100%        7    #######


Dungeon Overview and Level Annotations

Branches:
Dungeon (12/15)            Temple (1/1) D:6            Lair (0/6) D:11
    Orc (1/2) D:12

Altars:
Ashenzari
Cheibriados
Dithmenos
Elyvilon
Fedhas
Gozag
Hepliaklqana
Kikubaaqudgha
Makhleb
Nemelex Xobeh
Okawaru
Qazlal
Ru
Sif Muna
Trog
Uskayaw
Vehumet
Wu Jian
Xom
Yredelemnul
Zin
The Shining One

Shops:
D:4 *   D:5 =   D:8 *   D:11 =

Annotations:
D:10 Maurice
D:11 exclusion: ugly thing
D:12 exclusions: centaur warrior, death knight, 2 doors, rakshasa, skeletal warrior and 5 more exclusions


Innate Abilities, Weirdness & Mutations

You cannot wear most types of armour.
You are very stealthy in the water. (Stealth+)
You are amphibious.
You can wear up to eight rings at the same time.
You can use your tentacles to constrict eight enemies at once.
Your skin changes colour to match your surroundings (Stealth+).
Your rubbery body absorbs attacks. (AC +1, EV +1)


Message History

* * * LOW HITPOINT WARNING * * *
You feel sick. Something hits you.
* * * LOW HITPOINT WARNING * * *
Something hits you but does no damage.
You are more poisoned.
A cyclops comes into view.
* * * LOW HITPOINT WARNING * * *
You feel very sick.
The cyclops shouts!
The cyclops throws a large rock.
The large rock barely misses you.
You see here a large rock.
You hit something. You freeze something. Vehumet accepts your kill.
You feel your power returning.
Reactivating autopickup.
You feel a bit more experienced.
* * * LOW HITPOINT WARNING * * *
You feel very sick.
The cyclops throws a large rock.
The large rock hits you!!!
You die...

...........................
...........................
................>..........
.........#.................
#.......##.................
####. #................. #
#.................
#####.#.○)........
#..@).........
#.....########... ....###
## C##


You could see a cyclops.

Vanquished Creatures
  Harold (D:8)
  3 two-headed ogres
  3 death yaks (D:11)
  2 unseen horrors (D:12)
  A deep elf mage (D:12)
  An ugly thing (D:11)
  2 trolls
  A hornet (D:8)
  4 hippogriffs
  2 wraiths
  2 wyverns
  12 yaks
  A steam dragon (D:9)
  6 hungry ghosts
  2 wargs (D:12)
  The ghost of atomjack the Firebug, an amateur DsFE (D:5)
  Menkaure (D:5)
  A soldier ant (D:12)
  3 water moccasins
  3 porcupines (D:11)
  A sky beast (D:8)
  6 orc warriors
  2 ice beasts
  3 black bears
  8 necrophages
  3 phantoms
  5 ogres
  2 crocodiles (D:10)
  6 centaurs
  4 big kobolds
  A gnoll sergeant (D:7)
  9 bullfrogs
  A water moccasin zombie (D:5)
  A wyvern skeleton (D:11)
  8 scorpions
  6 killer bees
  4 wights
  12 howler monkeys
  8 crimson imps
  A bullfrog zombie (D:12)
  5 centaur zombies
  A bullfrog skeleton (D:10)
  A hound (D:8)
  3 jellies
  7 orc priests
  A centaur skeleton (D:8)
  9 orc wizards
  5 iguanas
  A hell rat (D:11)
  5 worker ants
  A killer bee zombie (D:5)
  2 hound zombies
  2 mummies
  3 worker ant zombies
  6 gnolls
  2 river rats (D:11)
  13 adders
  4 shadow imps
  3 adder skeletons
  An adder zombie (D:10)
  3 worms (D:2)
  5 dart slugs
  5 leopard geckos
  35 orcs
  A ball python (D:2)
  9 giant cockroaches
  6 goblins
  6 hobgoblins
  8 jackals
  11 quokkas
  8 bats
  8 frilled lizards
  A hobgoblin zombie (D:5)
  A jackal skeleton (D:4)
  12 kobolds
  A kobold zombie (D:5)
  2 leopard gecko skeletons
  2 orc zombies (D:5)
  A quokka skeleton (D:6)
  2 quokka zombies
  5 rats
350 creatures vanquished.

Vanquished Creatures (others)
  5 withered plants (D:11)
5 creatures vanquished.

Grand Total: 355 creatures vanquished

Notes
Turn   | Place    | Note
-------+----------+-------------------------------------------
     0 | D:1      | Kagalorn the Octopode Venom Mage began the quest for the
                  | Orb.
     0 | D:1      | Reached XP level 1. HP: 11/11 MP: 3/3
    77 | D:1      | Reached skill level 4 in Poison Magic
   115 | D:1      | Reached XP level 2. HP: 16/17 MP: 0/5
   133 | D:1      | Learned a level 2 spell: Poisonous Vapours
   601 | D:2      | Reached XP level 3. HP: 21/21 MP: 6/6
   611 | D:2      | Reached skill level 5 in Poison Magic
   644 | D:2      | Found a shattered altar of Ashenzari.
   730 | D:2      | Learned a level 2 spell: Blink
  1012 | D:2      | Reached skill level 1 in Translocations
  1012 | D:2      | Reached XP level 4. HP: 18/27 MP: 7/7
  1128 | D:2      | Found a faded altar of an unknown god.
  1508 | D:2      | Reached XP level 5. HP: 22/31 MP: 0/8
  1877 | D:3      | Learned a level 3 spell: Conjure Flame
  2032 | D:3      | Found an iron altar of Okawaru.
  2660 | D:3      | Reached skill level 1 in Fire Magic
  2660 | D:3      | Reached skill level 6 in Poison Magic
  2660 | D:3      | Reached XP level 6. HP: 36/36 MP: 5/10
  3112 | D:4      | Found Vouwkur's Assorted Antiques.
  3115 | D:4      | Bought 2 murky sapphire potions for 46 gold pieces
  3115 | D:4      | Bought a scroll labeled LYCLIE ZENG for 26 gold pieces
  3115 | D:4      | Bought 3 scrolls labeled VICYSUUPHU for 78 gold pieces
  3141 | D:4      | Noticed a phantom
  3188 | D:3      | Found an opulent altar of Gozag.
  3403 | D:4      | Reached XP level 7. HP: 32/41 MP: 2/12
  3546 | D:4      | Found a radiant altar of Vehumet.
  3555 | D:4      | Became a worshipper of Vehumet
  3638 | D:5      | Entered Level 5 of the Dungeon
  3661 | D:5      | Found a runed translucent gate.
  3661 | D:5      | Found a runed translucent gate.
  3663 | D:5      | Found a runed translucent gate.
  3665 | D:5      | Noticed atomjack's ghost (amateur DsFE)
  3714 | D:5      | Noticed Menkaure
  3996 | D:5      | You fall into a shaft and drop 1 floor!
  4116 | D:4      | Bought a scroll labeled CUROLI SAIL for 26 gold pieces
  4116 | D:4      | Bought a scroll labeled HAKHAGG YQ WAO for 26 gold pieces
  4652 | D:6      | Reached skill level 7 in Poison Magic
  4729 | D:6      | Found a staircase to the Ecumenical Temple.
  4735 | Temple   | Entered the Ecumenical Temple
  4886 | D:6      | Reached XP level 8. HP: 36/46 MP: 9/14
  5272 | D:6      | Reached * piety under Vehumet
  5272 | D:6      | Offered knowledge of Freeze by Vehumet.
  5445 | D:7      | Reached skill level 5 in Spellcasting
  5445 | D:7      | Reached skill level 8 in Poison Magic
  5812 | D:7      | Found a burning altar of Makhleb.
  5812 | D:7      | Found a glowing silver altar of Zin.
  5813 | D:7      | Noticed an angel
  5813 | D:7      | Noticed an Executioner
  6034 | D:6      | Reached skill level 9 in Poison Magic
  6943 | D:8      | Reached skill level 10 in Poison Magic
  7118 | D:8      | Found Inecar's General Store.
  7140 | D:8      | Reached XP level 9. HP: 35/52 MP: 16/16
  7189 | D:8      | Reached skill level 1 in Fighting
  7243 | D:8      | Noticed Harold
  7907 | D:8      | Noticed a hornet
  7925 | D:8      | Paralysed by a hornet for 2 turns
  7927 | D:8      | Killed a hornet
  8254 | D:8      | Killed Harold
  8254 | D:8      | Reached skill level 11 in Poison Magic
  8627 | D:8      | Reached XP level 10. HP: 16/63 MP: 17/17
  9217 | D:8      | Reached skill level 5 in Dodging
  9514 | D:8      | Found Inecar's General Store.
  9767 | D:9      | Noticed a two-headed ogre
  9785 | D:9      | Killed a two-headed ogre
  9785 | D:9      | Offered knowledge of Shock by Vehumet.
  9785 | D:9      | Reached skill level 5 in Fighting
  9788 | D:9      | Learned a level 1 spell: Shock
  9889 | D:9      | Reached ** piety under Vehumet
 10094 | D:9      | Found a sparkling altar of Nemelex Xobeh.
 10128 | D:9      | Found a stormy altar of Qazlal.
 10129 | D:9      | Found a white marble altar of Elyvilon.
 10129 | D:9      | Found an ancient bone altar of Kikubaaqudgha.
 10131 | D:9      | Found a shadowy altar of Dithmenos.
 10152 | D:9      | Reached skill level 10 in Stealth
 10314 | D:9      | Noticed a two-headed ogre
 10329 | D:9      | Killed a two-headed ogre
 10329 | D:9      | Reached skill level 1 in Shields
 10658 | D:9      | Found a hazy altar of Hepliaklqana.
 10699 | D:10     | Entered Level 10 of the Dungeon
 10723 | D:10     | Offered knowledge of Throw Frost by Vehumet.
 10831 | D:10     | Reached XP level 11. HP: 72/72 MP: 19/19
 11348 | D:10     | Reached *** piety under Vehumet
 11789 | D:10     | Noticed Maurice
 12460 | D:5      | Killed Menkaure
 12680 | D:5      | Found Qufidghe's Jewellery Shop.
 12905 | D:5      | Offered knowledge of Sticky Flame by Vehumet.
 12921 | D:5      | Killed atomjack's ghost
 13316 | D:3      | Found an iron altar of Okawaru.
 13804 | D:11     | Found a staircase to the Lair.
 13804 | D:11     | Noticed a death yak
 13804 | D:11     | Noticed a death yak
 14337 | D:11     | Found Cutumpu's Jewellery Shop.
 14418 | D:11     | Reached **** piety under Vehumet
 14559 | D:11     | Noticed a brown ugly thing
 14573 | D:11     | Killed a brown ugly thing
 14573 | D:11     | Reached skill level 5 in Shields
 14579 | D:11     | Offered knowledge of Yara's Violent Unravelling by Vehumet.
 15340 | D:11     | Noticed a green ugly thing
 15739 | D:11     | Killed a death yak
 15739 | D:11     | Reached XP level 12. HP: 59/81 MP: 3/21
 15842 | D:11     | Noticed a death yak
 15981 | D:11     | Killed a death yak
 16353 | D:11     | Killed a death yak
 16821 | D:12     | Noticed a two-headed ogre
 16837 | D:12     | Killed a two-headed ogre
 17286 | D:12     | Identified the +9 lajatang "Kuonion" {slice, rN+++ MP-9
                  | Dex+3}
 17664 | D:12     | Reached ***** piety under Vehumet
 17664 | D:12     | Offered knowledge of Bolt of Fire by Vehumet.
 18090 | D:12     | Noticed a rakshasa
 18090 | D:12     | Noticed a centaur warrior
 18090 | D:12     | Noticed a death knight
 18100 | D:12     | Noticed an ogre mage
 18419 | D:12     | Found a staircase to the Orcish Mines.
 18428 | Orc:1    | Entered Level 1 of the Orcish Mines
 18449 | D:12     | Hit by a large rock thrown by a cyclops

Levels and vault maps discovered:
D:1:      lemuel_arrival_river_ford, layout_basic
D:2:      layout_basic, lemuel_round_altar, chequers_ecumenical_altar_simple,
          minmay_worlds_worst_comb
D:3:      layout_loops_ring, nicolae_overflow_hidden_temple,
          okawaru_ov_weapons_minmay
D:4:      layout_cave_pools, marbit_many_paths, serial_shops,
          nicolae_shop_behind_doors, kennysheep_generic_room_7
D:5:      layout_loops_ring, gammafunk_ghost_necromancy, first_ration,
          serial_shops, kennysheep_mini_moat, chequers_serial_rivers_micro_a,
          minmay_mini_ossuary, uniq_menkaure
D:6:      layout_rooms, minmay_temple_entry_enclosed_plants
D:7:      layout_gridville, grunt_temple_overflow_order_and_chaos_2
D:8:      layout_loops_ring, serial_shops, shop, uniq_harold
D:9:      layout_basic, nicolae_overflow_crystal_walls, lemuel_round_altar,
          chequers_temple_overflow_statue_of_worship
D:10:     layout_loops_cross, uniq_maurice
D:11:     layout_basic, dpeg_lair_monsters, serial_shops, nicolae_shop_crystal,
          serial_undead, serial_undead_c, serial_undead_b, serial_undead_e,
          serial_undead_d, serial_undead_c
D:12:     minmay_the_grid_net [minmay_the_grid_fan, minmay_the_grid_small_cups,
          minmay_the_grid_diamond_grid, minmay_the_grid_expand,
          minmay_the_grid_tree, minmay_the_grid_prize_four_corners_diamond_b],
          layout_cave_pods, david_orc_3
Temple:   compressed_dpeg_circular_temple
Orc:1:    layout_caves, uniq_sonja

Skill      XL: |  1  2  3  4  5  6  7  8  9 10 11 12 |
---------------+-------------------------------------+-----
Poison Magic   | 4 5 6 7 10 11 | 11.0
Translocations | 1 2 3 |  3.0
Spellcasting   | 3 4 5 6 7 |  7.1
Fire Magic     | 1 2 3 |  3.0
Conjurations   | 2 3 |  3.0
Stealth        | 3 6 10 | 10.0
Fighting       | 4 6 8 9 |  9.5
Dodging        | 4 5 7 9 |  9.2
Shields        | 2 5 7 |  7.5

Action                   |  1- 3 |  4- 6 |  7- 9 | 10-12 || total
-------------------------+-------+-------+-------+-------++-------
Melee: Unarmed           |     5 |       |       |       ||     5
       Constrict         |    12 |    20 |    16 |    26 ||    74
       Tentacles         |    11 |    11 |    10 |    30 ||    62
       Short sword       |    36 |    70 |       |       ||   106
       Rapier            |       |    12 |    84 |   215 ||   311
       Spear             |       |       |    14 |       ||    14
Throw: Javelin           |       |       |     5 |     1 ||     6
       Stone             |       |       |     2 |       ||     2
 Cast: Sting             |    38 |    41 |    12 |       ||    91
       Poisonous Vapours |     5 |    35 |   120 |   235 ||   395
       Conjure Flame     |       |       |     7 |    80 ||    87
       Blink             |       |       |     5 |    17 ||    22
       Shock             |       |       |       |   439 ||   439
Evoke: Wand              |       |       |     1 |     6 ||     7
  Use: Scroll            |       |     1 |    15 |     3 ||    19
       Potion            |       |       |     1 |       ||     1
 Stab: Sleeping          |     3 |     4 |     6 |     4 ||    17
  Eat: Chunk             |     1 |     5 |     9 |    16 ||    31
       Ration            |       |     1 |     4 |     8 ||    13
Armor: Skin              |     3 |     9 |    11 |    10 ||    33
Dodge: Dodged            |    27 |    60 |    99 |   246 ||   432
